 Dungeon Crawl Stone Soup version 0.17.1-3-g152610e (webtiles) character file.

360 Jerry the Sneak (level 6, 0/56 HPs)
             Began as a Naga Fighter on Mar 3, 2016.
             Killed by divine providence
             ... invoked by an orc priest
              (8 damage)
             ... on level 4 of the Dungeon.
             The game lasted 00:17:40 (2539 turns).

Jerry the Sneak (Naga Fighter)                      Turns: 2539, Time: 00:17:42

Health: 0/56       AC:  7    Str: 27    XL:     6   Next: 65%
Magic:  2/2        EV:  6    Int: 12    God:
Gold:   139        SH: 10    Dex: 11    Spells: 0 memorised, 5 levels left

rFire  . . .     SeeInvis +     m - +8 rapier of the Mouth {antimagic, Str+2 Int+4}
rCold  . . .     Clarity  +     b - +0 scale mail
rNeg   . . .     SustAt   .     c - +0 shield
rPois  +         Gourm    .     k - +2 hat
rElec  .         Spirit   .     (no cloak)
rCorr  .         Warding  .     (no gloves)
rMut   .         Stasis   .     (no barding)
MR     +....                    r - amulet of clarity
Stlth  +.........               (no ring)
                                g - ring of protection from magic

@: mighty, very slow, somewhat resistant to hostile enchantments, very
unstealthy
A: see invisible, deformed body, poison resistance, slowness 2, slow metabolism
1, spit poison 2, AC +2
a: Spit Poison


You were on level 4 of the Dungeon.
You were not hungry.

You visited 1 branch of the dungeon, and saw 4 of its levels.

You collected 139 gold pieces.

Inventory:

Hand Weapons
 a - a +0 trident
 m - the +8 rapier of the Mouth (weapon) {antimagic, Str+2 Int+4}
   (You found it on level 4 of the Dungeon)

   It disrupts the flow of magical energy around spellcasters and certain
   magical creatures (including the wielder).
   It affects your strength (+2).
   It affects your intelligence (+4).
Missiles
 h - 7 arrows of frost
Armour
 b - a +0 scale mail (worn)
 c - a +0 shield (worn)
 k - a +2 hat (worn)
Jewellery
 g - a ring of protection from magic (left hand)
 r - an amulet of clarity (around neck)
Scrolls
 i - a scroll of teleportation
Potions
 d - a potion of might
 f - 2 potions of curing {unknown}
 j - 4 potions of brilliance {unknown}
 l - a potion of flight {unknown}
Comestibles
 e - 4 bread rations
 q - a meat ration


   Skills:
 - Level 3.5 Fighting
 + Level 3.7 Polearms
 + Level 3.6 Armour
 + Level 4.5 Stealth
 + Level 3.3 Shields


You had 5 spell levels left.
You didn't know any spells.

Dungeon Overview and Level Annotations

Branches:
Dungeon (4/15)
 Temple: D:4-7

Altars:
Ashenzari
Dithmenos
Okawaru
Xom


Innate Abilities, Weirdness & Mutations

You cannot wear boots.
Your serpentine skin is tough (AC +2).
You have supernaturally acute eyesight.
Armour fits poorly on your strangely shaped body.
Your system is resistant to poisons.
You cover ground very slowly.
You have a slow metabolism.
You can spit poison.


Message History

You kill the giant gecko!
The giant newt bites you but does no damage.
The giant newt bites you.
* * * LOW HITPOINT WARNING * * *
You barely miss the giant newt.
The giant newt bites you but does no damage.
You completely miss the giant newt. The hound bites you.
* * * LOW HITPOINT WARNING * * *
The worker ant bites you but does no damage.
The giant newt bites you but does no damage.
You block the hound's attack.
The worker ant bites you but does no damage.
You puncture the giant newt!
You kill the giant newt!
The hound bites you.
* * * LOW HITPOINT WARNING * * *
You block the worker ant's attack. The hound barely misses you.
The orc priest invokes the aid of Beogh against you.
Something smites you!
You die...

....### ..#
......###### #.#
##....#....# #.# #
##...#.##.# #.# .##
###.#.##.###.####..###
#.)..#.......$......
##########..........
#§≈§≈≈?(.......
#§≈.≈.≈§@h......
#≈..§≈≈§†a......
#≈≈§§≈≈.o.......
#§..§§≈≈######.#
#§§≈≈§§≈. . ##§≈≈§≈..
#####... ###


You could see a hound, a worker ant and an orc priest.

Vanquished Creatures
  An ogre (D:4)
  A centaur (D:3)
  A centaur skeleton (D:4)
  2 iguanas (D:3)
  4 adders
  A worm (D:2)
  2 giant geckos
  An orc (D:3)
  2 giant cockroaches
  12 hobgoblins
  7 kobolds
  3 ball pythons
  9 bats
  A giant gecko zombie (D:3)
  5 giant newts
  5 goblins
  3 quokkas
  7 rats
67 creatures vanquished.

Vanquished Creatures (others)
  A hound (D:4)
1 creature vanquished.

Grand Total: 68 creatures vanquished

Notes
Turn   | Place    | Note
--------------------------------------------------------------
     0 | D:1      | Jerry the Naga Fighter began the quest for the Orb.
     0 | D:1      | Reached XP level 1. HP: 21/21 MP: 1/1
    65 | D:1      | Reached XP level 2. HP: 12/28 MP: 2/2
   765 | D:2      | Reached skill level 1 in Stealth
   765 | D:2      | Reached XP level 3. HP: 23/34 MP: 3/3
   828 | D:2      | Found a shattered altar of Ashenzari.
  1149 | D:2      | Found an iron altar of Okawaru.
  1308 | D:2      | Reached XP level 4. HP: 23/42 MP: 4/4
  1784 | D:3      | Noticed a centaur
  1791 | D:3      | Killed a centaur
  1791 | D:3      | Reached XP level 5. HP: 45/49 MP: 5/5
  2098 | D:3      | Reached XP level 6. HP: 18/56 MP: 6/6
  2502 | D:4      | Got a faintly glowing rapier
  2503 | D:4      | Identified the +8 rapier of the Mouth {antimagic, Str+2 Int+4} (You found it on level 4 of the Dungeon)
  2506 | D:4      | Found a shadowy altar of Dithmenos.
  2519 | D:4      | Reached skill level 4 in Stealth
  2530 | D:4      | Found a shimmering altar of Xom.
  2539 | D:4      | Killed from afar by an orc priest

Action                   |  1- 3 |  4- 6 || total
-------------------------+-------+-------++-------
Melee: Trident           |   145 |    95 ||   240
       Rapier            |       |    12 ||    12
 Abil: Spit Poison       |     6 |     1 ||     7
  Use: Scroll            |       |     8 ||     8
       Potion            |       |     4 ||     4
  Eat: Chunk             |     1 |     4 ||     5
